Map: Acropolis LE

Players

Kelazhur

  • Race: Terran Terran
  • Spawn Location: 5:00

Hellraiser - Winner!

  • Race: Protoss Protoss
  • Spawn Location: 11:00

Event: 2019 WCS Summer

VOD

Have the link to the VOD?

Description

Time

  • Played on: July 13, 2019, 7:16 a.m.
  • Length: 19:58

All games in this series

Show
View Real Time Build Order
Export as new Build Order

Kelazhur Terran 

Build Orders: Reaper Expand 

Get SALT Encoding   

  12  0:00  SCV  
  13  0:12  SCV  
  14  0:17  Supply Depot  
  14  0:25  SCV  
  15  0:38  SCV  
  15  0:40  Barracks  
  16  0:44  Refinery  
  16  0:50  SCV  
  17  1:02  SCV  
  18  1:15  SCV  
  19  1:27  Orbital Command, Reaper  
  20  1:39  Command Center  
  20  1:53  SCV  
  21  1:59  Marine  
  22  2:02  Supply Depot  
  22  2:07  SCV  
  22  2:08  Factory  
  23  2:21  Barracks Reactor  
  23  2:23  SCV  
  23  2:24  Refinery  
  24  2:35  SCV  
  24  2:48  SCV  
  25  2:52  Orbital Command, Widow Mine  
  25  2:57  Marine  
  25  2:58  Marine  
  29  2:59  Starport  
  29  3:01  SCV  
  30  3:13  Widow Mine  
  30  3:14  SCV  
  30  3:15  Marine x2  
  30  3:19  SCV  
  36  3:26  SCV  
  37  3:31  SCV  
  38  3:35  Viking  
  38  3:36  Marine x2  
  38  3:38  SCV  
  43  3:44  SCV, Supply Depot  
  44  3:48  Command Center  
  44  3:51  SCV  
  45  3:56  SCV  
  45  4:01  Marine  
  45  4:02  Marine  
  46  4:09  SCV  
  45  4:12  Widow Mine, Medivac  
  45  4:13  SCV  
  49  4:18  Barracks  
  49  4:19  Barracks  
  49  4:24  SCV  
  49  4:25  SCV, Supply Depot  
  49  4:29  Marine x2  
  53  4:36  SCV  
  54  4:42  Supply Depot  
  54  4:43  Factory Tech Lab, Starport Tech Lab  
  54  4:46  SCV  
  54  4:48  Marine x2  
  54  4:49  SCV  
  58  4:54  Engineering Bay  
  58  4:58  SCV  
  59  5:02  Orbital Command  
  59  5:06  Marine x2  
  61  5:10  Factory Reactor, SCV x2, Starport Reactor  
  63  5:14  Refinery  
  63  5:15  Stimpack, Refinery  
  65  5:21  Marauder x2  
  65  5:24  Marine  
  65  5:25  Marine  
  65  5:27  Terran Infantry Weapons Level 1  
  65  5:28  SCV, Supply Depot  
  70  5:29  SCV  
  71  5:37  SCV, Supply Depot  
  71  5:40  SCV  
  71  5:41  SCV  
  73  5:49  SCV  
  71  5:53  SCV x2  
  73  5:57  Missile Turret  
  73  6:00  Combat Shield, Marine x2  
  73  6:01  Marauder x2, SCV  
  80  6:05  SCV x2  
  80  6:09  Medivac x2  
  80  6:11  Widow Mine x2  
  90  6:17  SCV  
  92  6:19  Marine x2  
  92  6:24  SCV  
  92  6:26  Marauder x2  
  92  6:27  Orbital Command  
  92  6:29  SCV  
  92  6:30  Armory  
  92  6:31  Supply Depot  
  92  6:32  Engineering Bay  
  93  6:34  Widow Mine x2  
  93  6:37  SCV  
  98  6:41  Marine x2, SCV  
  101  6:51  Supply Depot x2  
  101  6:53  Marauder x2  
  105  6:56  Medivac  
  105  6:58  SCV x2  
  109  7:07  Supply Depot  
  109  7:12  Marine x2, Widow Mine, SCV x3  
  118  7:15  Widow Mine  
  118  7:24  Terran Infantry Weapons Level 2, SCV x2  
  118  7:25  Terran Infantry Armor Level 1  
  118  7:28  SCV  
  121  7:30  Barracks, Supply Depot  
  121  7:31  Barracks, Marauder  
  123  7:37  SCV  
  123  7:38  SCV  
  123  7:39  Marauder, Marine x2  
  123  7:40  SCV  
  123  7:41  Widow Mine  
  132  7:49  Supply Depot x2  
  132  7:51  Widow Mine, Missile Turret  
  132  7:54  Missile Turret  
  132  7:55  Marauder  
  138  8:02  Medivac  
  140  8:05  Supply Depot  
  140  8:06  Marine  
  140  8:08  Marine  
  140  8:10  Marauder, Medivac  
  144  8:19  Marauder  
  144  8:23  Widow Mine x2  
  144  8:27  Barracks Reactor, Barracks Tech Lab  
  145  8:30  Refinery, SCV x2  
  145  8:32  Marauder, Medivac  
  149  8:36  Marine x2  
  149  8:38  Command Center  
  149  8:40  Marauder  
  153  8:42  Concussive Shells  
  153  8:46  Supply Depot  
  153  8:47  Supply Depot  
  152  8:53  Marauder  
  152  8:54  Marauder, Marine  
  155  8:56  Widow Mine x2  
  155  8:58  Liberator  
  155  9:00  Liberator  
  155  9:02  Marauder  
  157  9:06  Marine  
  157  9:07  Marine  
  157  9:09  Command Center  
  148  9:14  SCV x3  
  148  9:15  Marauder  
  148  9:16  Marauder  
  155  9:18  Widow Mine x2  
  150  9:26  Marauder, Marine x2  
  150  9:30  Marine x2  
  139  9:36  Marauder  
  139  9:37  Marauder  
  128  9:39  Widow Mine, Terran Infantry Armor Level 2  
  128  9:41  Liberator  
  128  9:42  Liberator  
  128  9:44  Marine x2  
  132  9:48  Marine, Marauder  
  135  9:53  Marine  
  135  9:57  Marauder  
  135  9:58  Marine  
  142  10:03  Terran Infantry Weapons Level 3  
  142  10:06  Widow Mine  
  147  10:07  Marine x2  
  147  10:08  Marine  
  147  10:09  Marauder  
  147  10:11  Marine  
  153  10:18  Marine, Marauder  
  156  10:26  Marine x2  
  156  10:27  Marine  
  159  10:31  Marauder  
  159  10:33  Marine  
  161  10:36  Liberator x2  
  161  10:37  Marauder  
  161  10:42  Marauder  
  162  10:44  Marine x2  
  162  10:52  Marauder  
  162  10:54  Widow Mine x2  
  162  10:55  Missile Turret  
  162  10:56  Marine  
  153  10:58  Marauder  
  153  11:02  Marine  
  153  11:03  Marauder, Marine x2  
  160  11:09  Refinery, Starport  
  160  11:13  Marauder  
  160  11:15  Barracks  
  160  11:17  Barracks  
  160  11:18  Barracks  
  160  11:21  Marauder  
  160  11:24  SCV x2  
  160  11:25  Marauder  
  155  11:35  Marine x2  
  155  11:36  Marauder  
  143  11:41  Widow Mine x2  
  143  11:42  Marauder  
  143  11:43  Marine x2  
  143  11:46  Marauder  
  148  11:50  Planetary Fortress  
  148  11:51  SCV x3  
  148  11:53  Liberator x2  
  149  11:54  Marine  
  149  11:55  Starport Tech Lab  
  149  11:57  Marauder  
  149  12:00  Marine  
  149  12:01  Marine  
  154  12:03  Marauder, SCV x3  
  154  12:05  Supply Depot  
  154  12:08  Liberator  
  159  12:11  Barracks Tech Lab x2  
  159  12:12  Barracks Reactor  
  165  12:19  Marauder  
  167  12:26  Marauder  
  167  12:27  Marauder  
  173  12:36  Liberator  
  175  12:37  Marauder x2  
  175  12:38  Liberator  
  175  12:41  Widow Mine x2  
  175  12:42  Marauder, Marine  
  170  12:54  Marine  
  170  12:55  Marauder  
  170  12:58  Marauder  
  167  13:12  Marauder  
  167  13:17  Marauder x2  
  167  13:19  Command Center  
  167  13:25  Medivac  
  147  13:35  Marine x3  
  147  13:36  Marauder  
  147  13:39  Fusion Core  
  147  13:41  Marauder x2, Marine x5, Refinery  
  157  13:42  Refinery  
  161  13:48  Medivac  
  161  13:53  Marine x3  
  166  13:57  Marauder  
  166  13:58  Marine  
  166  14:00  Missile Turret  
  169  14:05  Liberator  
  168  14:11  Refinery  
  168  14:16  Refinery  
  163  14:21  Marauder  
  168  14:32  Liberator  
  124  14:48  Marauder, Marine  
  124  14:50  Marine x7  
  137  15:02  Advanced Ballistics  
  137  15:03  Marine x2  
  137  15:05  Marine  
  140  15:07  Marine  
  140  15:08  Marine x5  
  146  15:16  Marauder, Marine  
  146  15:18  Widow Mine x2  
  144  15:22  Marauder  
  144  15:23  Marauder  
  144  15:24  Marine  
  144  15:25  Marine  
  144  15:26  Marauder  
  133  15:28  Marine  
  133  15:31  Marine  
  133  15:34  Marauder  
  120  15:38  Marauder  
  120  15:41  Marine x2  
  120  15:42  Marine  
  114  15:43  Marine, Marauder  
  114  15:44  Marauder  
  114  15:46  Marine  
  114  15:48  Marauder  
  114  15:49  Marine  
  123  15:55  Marauder  
  125  15:58  Marine x2  
  125  15:59  Marine  
  125  16:00  Marine  
  125  16:01  Marine  
  127  16:04  Marauder  
  127  16:05  Marine  
  127  16:06  Marauder  
  127  16:07  Liberator, Planetary Fortress  
  127  16:09  Marauder, Missile Turret  
  134  16:17  Marine, Marauder x2  
  139  16:19  Marine, Liberator  
  139  16:20  Marine x3  
  139  16:22  Marine  
  139  16:23  Refinery x2  
  145  16:26  Marauder  
  145  16:27  Marauder  
  145  16:30  Marine  
  146  16:39  Marauder  
  151  16:40  Marauder  
  153  16:47  Marauder  
  153  16:51  Marine  
  153  16:52  Marauder  
  158  16:54  Marine  
  158  16:55  Marauder  
  158  16:59  Marine x4  
  158  17:00  Marauder  
  163  17:01  Marine  
  164  17:09  Marauder, Marine  
  167  17:16  Marauder, Marine  
  167  17:19  Marine x2, Medivac x3  
  167  17:20  Marine  
  178  17:32  Liberator x3  
  164  17:43  Orbital Command  
  161  17:45  SCV  
  171  17:53  Marauder x2, Marine  
  171  17:57  SCV  
  167  18:14  Liberator  
  167  18:15  Marauder, Liberator  
  167  18:18  Marauder x2  
  173  18:25  Refinery  
  173  18:28  Liberator, Missile Turret  
  171  18:38  Marine  
  171  18:39  Marauder, Marine x2  
  156  18:47  Marine  
  160  18:57  Marauder x2, Liberator  
  164  19:09  Marauder  
Show
View Real Time Build Order
Export as new Build Order

Hellraiser Protoss - Winner!

Build Orders: 1 Gate Expand, Oracle Opening 

Get SALT Encoding   

  12  0:00  Probe  
  13  0:13  Probe  
  14  0:17  Pylon  
  14  0:22  Probe  
  15  0:31  Probe  
  16  0:36  Gateway  
  16  0:39  Probe  
  16  0:45  Assimilator  
  17  0:51  Probe  
  18  1:04  Probe  
  19  1:18  Nexus  
  19  1:21  Probe  
  20  1:31  Cybernetics Core  
  20  1:34  Probe  
  20  1:38  Assimilator  
  21  1:46  Probe  
  22  1:50  Pylon  
  22  1:57  Probe  
  22  1:59  Adept  
  23  2:05  Probe  
  23  2:13  Probe  
  26  2:21  Stargate  
  26  2:24  Probe  
  26  2:29  Adept  
  29  2:33  Probe  
  29  2:36  Probe  
  31  2:41  Probe  
  31  2:42  Warp Gate  
  31  2:49  Probe  
  31  2:50  Probe  
  33  2:54  Oracle  
  34  2:59  Adept  
  34  3:01  Probe  
  34  3:05  Probe  
  41  3:08  Pylon  
  41  3:13  Probe  
  41  3:17  Probe  
  43  3:25  Probe, Pylon  
  44  3:29  Stalker, Probe  
  44  3:31  Oracle  
  47  3:37  Probe  
  51  3:41  Probe  
  52  3:49  Probe  
  52  3:53  Probe  
  54  3:56  Nexus  
  54  4:00  Oracle  
  54  4:01  Probe  
  55  4:05  Probe  
  49  4:14  Gateway  
  49  4:16  Gateway  
  50  4:20  Probe x2  
  52  4:27  Assimilator  
  52  4:28  Pylon  
  52  4:34  Probe  
  52  4:38  Probe  
  54  4:42  Twilight Council  
  54  4:43  Forge  
  54  4:46  Probe  
  54  4:50  Stalker  
  54  4:51  Probe  
  58  4:58  Probe  
  59  5:02  Charge  
  59  5:03  Probe  
  59  5:05  Gateway  
  60  5:10  Probe x2, Protoss Ground Armor Level 1, Gateway  
  60  5:13  Gateway  
  62  5:15  Probe  
  62  5:20  Phoenix  
  63  5:22  Probe x2  
  63  5:27  Probe  
  61  5:34  Probe x2  
  63  5:37  Photon Cannon  
  63  5:39  Probe  
  64  5:46  Probe  
  64  5:47  Probe  
  66  5:50  Sentry x2, Zealot  
  66  5:51  Probe  
  66  5:53  Pylon  
  66  5:56  Gateway  
  73  5:57  Gateway  
  73  5:58  Probe  
  74  6:04  Zealot  
  74  6:05  Zealot  
  74  6:08  Probe  
  74  6:10  Probe  
  74  6:11  Probe  
  79  6:18  Zealot x3  
  79  6:19  Zealot  
  79  6:20  Probe  
  89  6:26  Zealot x2  
  89  6:30  Blink  
  89  6:32  Probe  
  93  6:35  Pylon x2  
  93  6:37  Pylon  
  93  6:40  Pylon  
  93  6:51  Robotics Facility  
  93  6:53  Zealot x6  
  105  6:56  Zealot x2  
  109  7:03  Protoss Ground Armor Level 2  
  109  7:06  Probe x2  
  109  7:08  Probe  
  112  7:10  Assimilator  
  112  7:18  Probe x2  
  112  7:20  Assimilator  
  112  7:21  Assimilator, Pylon  
  114  7:28  Stalker x4, Pylon x2  
  119  7:38  Warp Prism  
  119  7:42  Stalker x2  
  125  7:51  Zealot x6  
  137  8:04  Immortal  
  139  8:25  Probe x3, Robotics Bay  
  138  8:29  Pylon  
  138  8:30  Immortal, Pylon  
  138  8:31  Pylon  
  138  8:34  Dark Shrine  
  138  8:35  Pylon  
  138  8:37  Probe  
  137  8:43  Pylon  
  137  8:48  Sentry x2  
  143  8:50  Zealot x4  
  143  8:51  Zealot x2  
  147  9:05  Observer  
  130  9:10  Colossus  
  130  9:14  Zealot x8  
  130  9:26  Nexus  
  130  9:29  Pylon  
  130  9:30  Probe x3  
  125  9:36  Stalker x2  
  121  9:42  Probe x2  
  121  9:43  Probe  
  120  9:51  Templar Archives  
  120  9:54  Probe  
  120  9:55  Zealot x5  
  120  9:58  Protoss Ground Armor Level 3  
  131  10:02  Disruptor  
  131  10:07  Dark Templar x2  
  133  10:11  Zealot  
  137  10:16  Zealot x5  
  150  10:22  Forge  
  145  10:39  Colossus  
  145  10:40  Zealot x8  
  148  10:43  Nexus  
  141  10:54  Extended Thermal Lance  
  132  11:01  Sentry  
  132  11:02  Sentry x2  
  132  11:03  High Templar x2  
  139  11:04  Zealot x3  
  139  11:07  Archon  
  141  11:11  Probe  
  141  11:16  Probe  
  141  11:17  Probe  
  140  11:19  Colossus  
  140  11:23  Probe  
  139  11:28  Probe, Pylon  
  128  11:36  Probe  
  121  11:43  Zealot x3  
  121  11:44  Probe  
  121  11:45  Probe  
  119  11:48  High Templar x2  
  119  11:49  Probe  
  119  11:52  Archon  
  119  11:53  Probe  
  125  11:55  Probe  
  125  11:56  Probe  
  128  12:05  Sentry, High Templar x2  
  128  12:06  Zealot x2  
  138  12:10  Archon  
  138  12:16  Pylon  
  138  12:17  Stalker  
  138  12:23  Protoss Ground Weapons Level 1  
  138  12:26  Stalker x4  
  146  12:35  Disruptor  
  146  12:38  Stalker x3  
  154  12:49  Zealot x4  
  154  12:50  Zealot  
  147  13:06  Probe x2  
  147  13:07  Probe  
  147  13:10  Stalker x3  
  147  13:11  Stalker x3  
  161  13:18  Disruptor  
  152  13:32  Zealot x2, Pylon  
  158  13:35  Stalker x5  
  158  13:36  Protoss Shields Level 1  
  168  13:44  Disruptor  
  167  13:49  Nexus  
  170  13:58  Zealot x2  
  170  13:59  Zealot  
  175  14:04  Stalker x2  
  172  14:10  Probe x3  
  172  14:11  Probe  
  168  14:22  Probe x3  
  171  14:30  Stalker x3  
  177  14:36  Colossus  
  175  14:44  Probe  
  174  14:54  Assimilator, Psionic Storm  
  174  14:56  Protoss Ground Weapons Level 2  
  174  14:57  Assimilator x2  
  174  14:59  Assimilator  
  174  15:06  High Templar  
  176  15:09  High Templar  
  176  15:10  High Templar  
  176  15:11  Probe x2  
  182  15:15  Zealot x2  
  182  15:19  Probe x2, Colossus  
  184  15:26  Probe  
  184  15:27  Probe  
  162  15:31  Probe x2  
  165  15:39  Nexus  
  165  15:41  Pylon  
  165  15:42  High Templar  
  162  15:45  Dark Shrine  
  162  15:48  Stalker  
  164  15:52  Stalker  
  164  15:55  Zealot  
  168  15:58  Probe x2  
  168  15:59  Probe  
  169  16:06  High Templar  
  171  16:11  Colossus  
  171  16:13  Protoss Shields Level 2  
  171  16:15  Zealot x2  
  171  16:17  Stalker  
  183  16:22  Zealot  
  183  16:26  Zealot  
  183  16:28  Probe  
  186  16:34  Gateway  
  186  16:38  High Templar x2  
  186  16:39  High Templar x2  
  190  16:42  Gateway  
  190  16:44  Stalker  
  190  16:46  Shadow Stride  
  187  16:49  Probe x2  
  187  16:50  Stalker  
  192  17:02  Stalker  
  192  17:05  Zealot  
  187  17:18  Probe  
  187  17:20  Immortal  
  188  17:41  Dark Templar x6  
  200  17:45  Gateway  
  200  17:46  Gateway  
  200  17:49  Gateway  
  200  17:53  Pylon  
  200  17:54  Pylon  
  200  17:56  Gateway  
  194  18:01  High Templar  
  184  18:17  Nexus  
  184  18:20  Pylon  
  184  18:26  Zealot x3  
  184  18:27  Zealot x6  
  179  18:43  Dark Templar x6  
  179  18:45  Nexus  
  189  18:49  Dark Templar x5  
  199  18:59  Probe  
  199  19:00  Probe  
  199  19:02  Assimilator  
  197  19:06  Assimilator  
  197  19:08  Pylon  
  192  19:10  Zealot x3  
  185  19:24  Dark Templar x6  
  195  19:32  Probe  
  182  19:57  Stalker x6  
  182  19:58  Stalker x2  
Tags
 
Add a new tag
Caveats
  • Supply blocks, unpowered buildings, or Contaminate may cause inaccurate times.
  • Supply counts are checked every 10 seconds.